 Dungeon Crawl Stone Soup version 0.31.0-32-g396128a36d (webtiles) character file.

Game seed: 8114513981697133832

53636 Dadi the Warrior (level 14, -2/123 HPs)
             Began as a Demonspawn Fighter on Mar 31, 2024.
             Was a High Priest of Okawaru.
             Slain by tykejmi's ghost (5 damage)
             ... in the Arena on Apr 5, 2024.
             The game lasted 00:50:44 (19605 turns).

Dadi the Warrior (Demonspawn Fighter)              Turns: 19605, Time: 00:50:44

Health: -2/123     AC: 37    Str: 21    XL:     14   Next: 31%
Magic:  15/21      EV:  4    Int: 10    God:    Okawaru [*****.]
Gold:   2890       SH:  5    Dex: 12    Spells: 13/13 levels left

rFire   + . .        R - +10 war axe "Miutz" {freeze, rN+}
rCold   + . .        (no shield)
rNeg    + . .        J - +3 crystal plate armour {rC+}
rPois   .            p - +0 helmet
rElec   .            f - +2 cloak
rCorr   .            (gloves unavailable)
SInv    .            q - +1 pair of boots
Will    +....        I - amulet of reflection Stlth
                     l - +4 ring of protection
HPRegen 0.40/turn    b - ring of protection from fire
MPRegen 0.17/turn

%: reflection
@: on fire, glowing, duelling
A: icy blue scales 2, (demonic guardian 2), condensation shield, demonic touch 3
a: Renounce Religion, Heroism, Finesse, Duel


You were in the Arena.
You worshipped Okawaru.
Okawaru was extremely pleased with you.
You visited 3 branches of the dungeon, and saw 15 of its levels.
You also visited: Ossuary, Bailey and Ice Cave.

You collected 2890 gold pieces.

Inventory:

Hand Weapons
 E - a +0 demon whip of venom
 M - a +9 broad axe
 R - the +10 war axe "Miutz" (weapon) {freeze, rN+}
   (You took it off Maurice on level 7 of the Dungeon)

   rN+:       It protects you from negative energy.
Missiles
 w - a throwing net (quivered)
Armour
 f - a +2 cloak (worn)
 p - a +0 helmet (worn)
 q - a +1 pair of boots (worn)
 J - a +3 crystal plate armour of cold resistance (worn)
Jewellery
 b - a ring of protection from fire (right hand)
 l - a +4 ring of protection (left hand)
 z - a +6 ring of strength
 H - a ring of fire
 I - an amulet of reflection (around neck)
 O - an amulet of guardian spirit
 Q - a ring of fire
 S - a ring of ice
Wands
 m - a wand of flame (70)
 o - a wand of paralysis (22)
 t - a wand of mindburst (26)
 K - a wand of light (5)
 T - a wand of iceblast (13)
Scrolls
 c - a scroll of torment {unknown}
 e - 4 scrolls of fog
 k - a scroll of identify
 s - 6 scrolls of teleportation
 y - 2 scrolls of butterflies
 A - 4 scrolls of fear {unknown}
 C - a scroll of silence
 F - 3 scrolls of blinking
 N - a scroll of poison {unknown}
 U - 2 scrolls of noise {unknown}
 W - a scroll of enchant armour
 Y - 2 scrolls of immolation {unknown}
 Z - 3 scrolls of vulnerability {unknown}
Potions
 d - 3 potions of might
 g - 3 potions of lignification
 h - 3 potions of berserk rage
 j - 2 potions of enlightenment
 n - a potion of cancellation
 r - a potion of invisibility
 u - 4 potions of curing
 v - 2 potions of mutation
 B - 2 potions of attraction
 D - 4 potions of haste {unknown}
 G - a potion of ambrosia {unknown}
 L - 3 potions of brilliance {unknown}
 P - 2 potions of degeneration {unknown}
 V - 2 potions of resistance {unknown}
Miscellaneous
 a - a phial of floods
 x - a phantom mirror


   Skills:
 - Level 15.3 Fighting
 - Level 12.1(14.1) Axes
 - Level 12.0(14.0) Maces & Flails
 + Level 9.7 Armour
 - Level 2.6 Shields
 - Level 10.5 Invocations


You had 13 spell levels left.
You didn't know any spells.
Your spell library contained the following spells:

 Spells                   Type           Power      Damage    Failure   Level
 Foxfire                  Conj/Fire      0%         2x1d4     100%        1
 Freeze                   Ice            0%         1d3       100%        1
 Slow                     Hex            0%         N/A       100%        1
 Blink                    Tloc           0%         N/A       100%        2
 Jinxbite                 Hex            0%         N/A       100%        2
 Lesser Beckoning         Tloc           0%         N/A       100%        2
 Momentum Strike          Conj/Tloc      0%         3d8       100%        2
 Confusing Touch          Hex            0%         N/A       100%        3
 Frozen Ramparts          Ice            0%         1d1       100%        3
 Fugue of the Fallen      Necr           0%         N/A       100%        3
 Hailstorm                Conj/Ice       0%         3d5       100%        3
 Ozocubu's Armour         Ice            0%         N/A       100%        3
 Sigil of Binding         Hex            0%         N/A       100%        3
 Vampiric Draining        Necr           0%         2d6       100%        3
 Leda's Liquefaction      Alch/Erth      0%         N/A       100%        4
 Manifold Assault         Tloc           0%         N/A       100%        4
 Olgreb's Toxic Radiance  Alch           0%         N/A       100%        4
 Iskenderun's Battlesphe  Conj           0%         2d6       100%        5
 Lee's Rapid Deconstruct  Erth           0%         3d4*      100%        5
 Silence                  Hex/Air        0%         N/A       100%        5
 Yara's Violent Unravell  Hex/Alch       0%         3d3       100%        5
 Bombard                  Conj/Erth      0%         9d1       100%        6
 Plasma Beam              Fire/Air       0%         2x1d10    100%        6
 Starburst                Conj/Fire      0%         6d3       100%        6
 Enfeeble                 Hex            0%         N/A       100%        7
 Ozocubu's Refrigeration  Ice            0%         4d7       100%        7
 Discord                  Hex            0%         N/A       100%        8
 Lehudib's Crystal Spear  Conj/Erth      0%         10d2      100%        8


Dungeon Overview and Level Annotations

Branches:
Dungeon (9/15)             Temple (1/1) D:7            Lair (5/5) D:9
 Shoals (0/4) Lair:3       Spider (0/4) Lair:2        Slime (0/5) Lair:4
Ossuary (visited)          Bailey (visited)           IceCv (visited)
    Orc: D:9-12

Altars:
Ashenzari
Cheibriados
Dithmenos
Fedhas
Gozag
Hepliaklqana
Kikubaaqudgha
Makhleb
Nemelex Xobeh
Okawaru
Qazlal
Ru
Sif Muna
Trog
Uskayaw
Vehumet
Wu Jian
Yredelemnul
Lugonu

Shops:
D:7 (   D:8 :

Portals:
Abyss: Lair:5

Annotations:
D:8 1 runed translucent door
Lair:4 ripuliukko's ghost, journeyman GrEE Arena tykejmi's ghost, journeyman DrFE


Innate Abilities, Weirdness & Mutations

You are mostly covered in icy blue scales. (AC +3)
((A demonic guardian rushes to your aid.))
A meltable shield of frost defends you. (SH +0)
Your touch may irresistibly damage your foes and sap their willpower.


Message History

* * * LOW HITPOINT WARNING * * *
You feel much better. The liquid fire burns you!
Tykejmi's ghost waves its arms in wide circles.
The air twists around and strikes you.
You miss tykejmi's ghost.
You touch tykejmi's ghost!
You sap its willpower!
Tykejmi's ghost is severely damaged.
The liquid fire burns you!
You slash tykejmi's ghost! You freeze tykejmi's ghost.
Tykejmi's ghost is almost destroyed.
The liquid fire burns you!
* * * LOW HITPOINT WARNING * * *
Tykejmi's ghost hits you but does no damage.
You are poisoned.
You hit tykejmi's ghost. You freeze tykejmi's ghost.
Tykejmi's ghost is almost destroyed.
The liquid fire burns you!
* * * LOW HITPOINT WARNING * * *
You feel sick.
Tykejmi's ghost hits you but does no damage.
You are more poisoned.
You barely miss tykejmi's ghost.
Tykejmi's ghost is almost destroyed.
The liquid fire burns you!
* * * LOW HITPOINT WARNING * * *
x2 You feel very sick.
Tykejmi's ghost hits you but does no damage.
You feel better. The liquid fire burns you!
* * * LOW HITPOINT WARNING * * *
Tykejmi's ghost ripples.
Tykejmi's ghost hits you but does no damage.
You are lethally poisoned!
Okay, then.
You feel better. The liquid fire burns you!
* * * LOW HITPOINT WARNING * * *
Tykejmi's ghost hits you.
You die...
Okawaru crowns tykejmi's ghost victorious!

###########
#..pppp...#
#.▓▓▓▓▓▓▓.#
#p▓.....▓p#
#▓▓...W.▓p#
#∩▓..@..▓p#
#▓▓.....▓p#
#p▓.....▓p#
#.▓▓▓▓▓▓▓.#
#..pppp...#
###########


You could see tykejmi's ghost.

Vanquished Creatures
  An orc warlord (Bailey)
  Fannar (Lair:2)
  6 hydras
  A centaur warrior (D:8)
  2 two-headed ogres
  2 death yaks
  Nergalle (Lair:2)
  Amaemon (Lair:1)
  3 thrashing horrors (Lair:5)
  2 skysharks (Lair:4)
  Pikel (D:4)
  An orc knight (Bailey)
  An oklob plant (Lair:5)
  2 ugly things
  5 elephants (Lair:5)
  Maurice (D:7)
  5 black mambas
  3 ice statues
  12 cane toads
  2 torpor snails
  3 large abominations (Lair:5)
  An orange demon (Lair:2)
  2 rime drakes
  8 komodo dragons
  2 ice devils (Lair:3)
  A freezing wraith (IceCv)
  A tengu conjurer (D:8)
  A troll (D:9)
  A hornet (shapeshifter) (Lair:5)
  A troll (shapeshifter) (Lair:5)
  A polar bear (shapeshifter) (Lair:5)
  A hornet (D:7)
  3 polar bears
  34 blink frogs
  2 raiju (Lair:5)
  2 dream sheep (Lair:1)
  A vampire (D:9)
  32 yaks
  3 ynoxinuls (Lair:5)
  2 wyverns
  Eustachio (D:6)
  A dire elephant simulacrum (IceCv)
  A wraith (D:8)
  6 basilisks
  A death yak simulacrum (IceCv)
  2 steam dragons
  A chaos spawn (Lair:5)
  A hydra simulacrum (IceCv)
  15 water moccasins
  Duvessa (D:6)
  A black bear (Lair:1)
  5 ice beasts
  A laughing skull (D:8)
  4 orc warriors
  16 wolves
  8 small abominations (Lair:5)
  2 centaurs
  5 kobold brigands
  A phantom (D:5)
  18 bullfrogs
  3 elf zombies (Ossuary)
  7 scorpions
  2 cane toad simulacra (IceCv)
  Dowan (D:6)
  5 wights (D:8)
  An elephant simulacrum (IceCv)
  10 killer bees
  2 bombardier beetles
  8 electric eels
  A spectral bullfrog (Ossuary)
  A lava snake (D:8)
  4 human zombies (Ossuary)
  3 quasits (D:5)
  2 gnoll boudas
  9 hounds
  3 orc priests
  7 jellies
  2 sleepcaps
  Crazy Yiuf (D:6)
  4 iguanas
  5 orc wizards
  A polar bear simulacrum (IceCv)
  A wolf simulacrum (IceCv)
  2 crocodile zombies (Ossuary)
  3 spectral hounds (Ossuary)
  3 mummies (Ossuary)
  Robin (D:3)
  5 gnolls
  6 adders
  3 hound simulacra (Ossuary)
  A shadow imp (D:5)
  6 white imps
  An ufetubus (D:5)
  4 spectral adders (Ossuary)
  2 spectral gnolls (Ossuary)
  2 dart slugs
  5 ribbon worms
  3 adder simulacra (Ossuary)
  24 orcs
  3 ball pythons
  6 endoplasms
  7 giant cockroaches
  6 gnoll zombies (Ossuary)
  21 goblins
  10 hobgoblins
  4 jackals (D:1)
  36 kobolds
  A quokka (D:1)
  7 bats
  6 frilled lizards
  3 gnoll simulacra (Ossuary)
  A jackal simulacrum (Ossuary)
  6 kobold zombies (Ossuary)
  4 orc zombies (Ossuary)
  8 rats
  A spectral jackal (Ossuary)
530 creatures vanquished.

Vanquished Creatures (collateral kills)
  An ogre (D:4)
  An endoplasm (D:4)
2 creatures vanquished.

Grand Total: 532 creatures vanquished

Notes
Turn   | Place    | Note
-------+----------+-------------------------------------------
     0 | D:1      | Dadi the Demonspawn Fighter began the quest for the Orb.
     0 | D:1      | Reached XP level 1. HP: 18/18 MP: 1/1
     2 | D:1      | Noticed an armataur
     2 | D:1      | Noticed a draconian
     4 | D:1      | Noticed a demonspawn
     6 | D:1      | Noticed a barachi
     6 | D:1      | Noticed a vampire
     8 | D:1      | Noticed a tengu
     8 | D:1      | Noticed a felid
    10 | D:1      | Noticed a demigod
    10 | D:1      | Noticed a minotaur
    12 | D:1      | Noticed a djinni
    12 | D:1      | Noticed a human
    14 | D:1      | Noticed a spriggan
    16 | D:1      | Noticed a naga
    16 | D:1      | Noticed a gargoyle
    18 | D:1      | Noticed an oni
    20 | D:1      | Noticed a ghoul
    20 | D:1      | Noticed an elf
    22 | D:1      | Noticed a troll
    24 | D:1      | Noticed an octopode
    24 | D:1      | Noticed a merfolk
    26 | D:1      | Noticed a vine stalker
    26 | D:1      | Noticed a formicid
   180 | D:1      | Gained mutation: Your touch may inflict minor irresistible
                  | damage on your foes. [demonic ancestry]
   180 | D:1      | Reached XP level 2. HP: 18/24 MP: 2/2
   195 | D:1      | HP: 1/25 [jackal (2)]
   394 | D:1      | Reached skill level 4 in Fighting
   738 | D:1      | Reached XP level 3. HP: 30/30 MP: 3/3
  1239 | D:2      | You fall into a shaft and drop 1 floor!
  1371 | D:2      | Reached skill level 5 in Fighting
  1371 | D:2      | Reached XP level 4. HP: 39/39 MP: 4/4
  1661 | D:3      | Noticed Robin
  1690 | D:3      | Killed Robin
  1704 | D:3      | HP: 1/39 [goblin/+0 dagger[Robin] (3)]
  1711 | D:3      | Gained mutation: A weak demonic guardian rushes to your
                  | aid. [demonic ancestry]
  1711 | D:3      | Reached XP level 5. HP: 4/46 MP: 5/5
  1934 | D:3      | Reached skill level 6 in Fighting
  2264 | D:3      | Found a faded altar of an unknown god.
  2916 | D:4      | Noticed an ogre
  3033 | D:4      | Noticed a lemure
  3033 | D:4      | Noticed a lemure
  3033 | D:4      | Noticed a lemure
  3040 | D:5      | Entered Level 5 of the Dungeon
  3048 | D:5      | Reached XP level 6. HP: 52/52 MP: 6/6
  3176 | D:5      | Noticed a water moccasin
  3185 | D:5      | Killed a water moccasin
  3265 | D:5      | Gained mutation: A meltable shield of frost defends you.
                  | (SH +0) [demonic ancestry]
  3265 | D:5      | Reached XP level 7. HP: 57/58 MP: 7/7
  3580 | D:4      | Reached skill level 5 in Maces & Flails
  3845 | D:4      | Noticed Pikel
  3861 | D:4      | Killed Pikel
  3862 | D:4      | Reached XP level 8. HP: 51/64 MP: 8/8
  4417 | D:6      | Noticed Dowan
  4420 | D:6      | Noticed Duvessa
  4535 | D:5      | Reached XP level 9. HP: 42/69 MP: 9/9
  4634 | D:6      | Reached skill level 10 in Maces & Flails
  4932 | D:6      | Killed Duvessa
  4952 | D:6      | Found a runed translucent door.
  4953 | D:6      | Noticed Crazy Yiuf
  4983 | D:6      | Killed Crazy Yiuf
  5040 | D:6      | Killed Dowan
  5120 | D:6      | Noticed Eustachio
  5130 | D:6      | Killed Eustachio
  5575 | D:7      | Identified a scroll of acquirement
  5575 | D:7      | Acquired 695 gold pieces
  5649 | D:7      | Found a sand-covered staircase.
  5764 | Ossuary  | Entered an ossuary
  6011 | Ossuary  | Reached skill level 7 in Fighting
  6022 | Ossuary  | Gained mutation: A demonic guardian rushes to your aid.
                  | [demonic ancestry]
  6022 | Ossuary  | Reached XP level 10. HP: 79/79 MP: 10/10
  6482 | D:7      | Found a staircase to the Ecumenical Temple.
  6487 | D:7      | Noticed Maurice
  6577 | D:7      | Found Ziph's Weapon Boutique.
  6661 | D:7      | Reached skill level 8 in Fighting
  6864 | D:7      | Identified the +10 war axe "Miutz" {freeze, rN+}
  6898 | D:7      | Maurice stole a ring of fire
  6903 | D:7      | Killed Maurice
  6922 | Temple   | Entered the Ecumenical Temple
  6993 | Temple   | Became a worshipper of Warmaster Okawaru
  7349 | D:7      | Reached skill level 9 in Fighting
  7349 | D:7      | Reached skill level 1 in Axes
  7863 | D:8      | Found a blossoming altar of Fedhas.
  8150 | D:8      | Found an opulent altar of Gozag.
  8284 | D:8      | Found Putint's Book Shop.
  8512 | D:8      | Reached * piety under Okawaru
  8593 | D:8      | Reached skill level 5 in Axes
  8682 | D:8      | Found a runed translucent door.
  8683 | D:8      | Found a runed translucent door.
  8683 | D:8      | Noticed a centaur warrior
  8683 | D:8      | Noticed a two-headed ogre
  9247 | D:9      | Found a staircase to the Lair.
  9494 | D:9      | Found a flagged portal.
  9505 | Bailey   | Entered a bailey
  9541 | Bailey   | Noticed an orc warlord
  9795 | Bailey   | Noticed an orc knight
  9812 | Bailey   | Killed an orc knight
  9812 | Bailey   | Reached ** piety under Okawaru
  9817 | Bailey   | Gained mutation: You are partially covered in icy blue
                  | scales. (AC +2) [demonic ancestry]
  9817 | Bailey   | Reached XP level 11. HP: 77/89 MP: 11/11
  9875 | Bailey   | Found a runed translucent gate.
  9878 | Bailey   | Found a runed translucent gate.
  9880 | Bailey   | Found a runed translucent gate.
 10051 | Bailey   | Killed an orc warlord
 10103 | D:9      | Acquired 1231 gold pieces
 10511 | D:9      | Acquired a manual of Fighting
 10686 | D:9      | Noticed a two-headed ogre
 10691 | D:9      | Killed a two-headed ogre
 10691 | D:9      | Reached *** piety under Okawaru
 11191 | Lair:1   | Entered Level 1 of the Lair of Beasts
 11206 | Lair:1   | Reached skill level 10 in Fighting
 11386 | Lair:1   | Noticed an eight-headed hydra
 11401 | Lair:1   | Killed a 12-headed hydra
 11539 | Lair:1   | Reached skill level 11 in Fighting
 11620 | Lair:1   | Reached **** piety under Okawaru
 11806 | Lair:1   | Reached skill level 12 in Fighting
 11806 | Lair:1   | Reached skill level 10 in Axes
 11807 | Lair:1   | Gained mutation: You are mostly covered in icy blue scales.
                  | (AC +3) [demonic ancestry]
 11807 | Lair:1   | Reached XP level 12. HP: 102/102 MP: 12/12
 11832 | Lair:1   | Reached ***** piety under Okawaru
 11955 | Lair:1   | Received a gift from Okawaru
 12104 | Lair:1   | Reached skill level 13 in Fighting
 12432 | Lair:2   | Noticed Amaemon
 12468 | Lair:1   | Killed Amaemon
 12663 | Lair:2   | Reached skill level 14 in Fighting
 12754 | Lair:2   | Received a gift from Okawaru
 12756 | Lair:2   | Noticed a six-headed hydra
 12769 | Lair:2   | HP: 2/107 [six-headed hydra (4)]
 12787 | Lair:2   | HP: 1/107 [rime drake/icy flash freeze (8)]
 13128 | Lair:2   | Found a hole to the Spider Nest.
 13380 | Lair:2   | Noticed Fannar
 13656 | Lair:2   | Killed Fannar
 13657 | Lair:2   | Reached skill level 15 in Fighting
 13770 | Lair:2   | Reached skill level 1 in Invocations
 13921 | Lair:2   | Killed a 12-headed hydra
 14396 | Lair:2   | Noticed Nergalle
 14404 | Lair:2   | Killed Nergalle
 14642 | Lair:3   | Gained mutation: Your touch may inflict irresistible damage
                  | on your foes. [demonic ancestry]
 14642 | Lair:3   | Reached XP level 13. HP: 116/116 MP: 15/15
 14700 | Lair:3   | Found a frozen archway.
 14709 | IceCv    | Entered an ice cave
 14865 | IceCv    | Received a gift from Okawaru
 15202 | Arena    | Entered the Arena
 15396 | Lair:3   | Found a staircase to the Shoals.
 15436 | Lair:3   | Reached skill level 5 in Invocations
 16561 | Lair:4   | Reached skill level 5 in Armour
 17218 | Lair:4   | Found a staircase to the Slime Pits.
 17599 | Lair:5   | Entered Level 5 of the Lair of Beasts
 17687 | Lair:5   | Found a shadowy altar of Dithmenos.
 17710 | Lair:5   | Received a gift from Okawaru
 17756 | Lair:5   | Reached skill level 10 in Invocations
 17763 | Lair:5   | Reached ****** piety under Okawaru
 18143 | Lair:5   | Gained mutation: Your touch may irresistibly damage your
                  | foes and sap their willpower. [demonic ancestry]
 18143 | Lair:5   | Reached XP level 14. HP: 122/123 MP: 21/21
 18157 | Lair:5   | Received a gift from Okawaru
 18663 | Lair:5   | Found a corrupted altar of Lugonu.
 18663 | Lair:5   | Found a one-way gate to the infinite horrors of the Abyss.
 18805 | Lair:5   | Got the Anthology of Damaging Weather
 19538 | Lair:4   | Found a runed translucent gate.
 19539 | Lair:4   | Found a runed translucent gate.
 19540 | Lair:4   | Found a runed translucent gate.
 19541 | Lair:4   | Noticed tykejmi's ghost (journeyman DrFE)
 19541 | Lair:4   | Noticed ripuliukko's ghost (journeyman GrEE)
 19597 | Arena    | Entered the Arena
 19604 | Arena    | HP: 6/123 [burnt (11)]
 19605 | Arena    | HP: 2/123 [burnt (10)]
 19605 | Arena    | Slain by tykejmi's ghost

Illustrated notes

Levels and vault maps discovered:
D:1:      kb_arrival_jail, layout_loops_cross
D:2:      layout_basic, minmay_quadrilaterals
D:3:      minmay_wonky_spiral, layout_basic,
          dreamdust_ecumenical_altar_sealed_demon, kennysheep_nub, uniq_robin
D:4:      layout_basic, serial_glass, glass_columns_b, glass_columns_b,
          minmay_strange_pillars, due_unseen_surprise, item_on_display_a,
          feat_on_display, solitary_fountain, uniq_pikel
D:5:      layout_rooms, serial_demonic, serial_demonic_b, serial_demonic_b,
          serial_demonic_f, serial_demonic_c, serial_demonic_e,
          serial_demonic_g, serial_demonic_e, serial_demonic_d
D:6:      layout_basic, small_statue_intersection, uniq_duvessa,
          uniq_crazy_yiuf_cottage, uniq_eustachio
D:7:      layout_layer_cave, minmay_temple_entry_water_ring,
          nicolae_ossuary_entry_plus, serial_shops,
          nicolae_shop_bloodbath_and_beyond, uniq_maurice
D:8:      minmay_the_grid_triangle_9x9_rhombus_full
          [minmay_the_grid_triangle_9x9_descending_squares,
          minmay_the_grid_triangle_9x9_flanged_cone,
          minmay_the_grid_triangle_9x9_intruding_spiral,
          minmay_the_grid_triangle_9x9_tough_junction,
          minmay_the_grid_triangle_9x9_thin_v,
          minmay_the_grid_triangle_9x9_checkered,
          minmay_the_grid_triangle_9x9_shrine,
          minmay_the_grid_triangle_9x9_prize_center], layout_basic,
          mainiacjoe_overflow_catwalk_spiral, serial_shops,
          nicolae_inconvenience_store, serial_aquarium, aquarium_bridge_square
          [aquarium_subvault_bridge, aquarium_subvault_bridge,
          aquarium_subvault_bridge, aquarium_subvault_wall],
          aquarium_bridge_long_joined [aquarium_subvault_bridge,
          aquarium_subvault_balcony, aquarium_subvault_window,
          aquarium_subvault_wall, aquarium_subvault_balcony,
          aquarium_subvault_bridge], aquarium_window_2, aquarium_window_1,
          aquarium_window_2, aquarium_view_2a
D:9:      layout_irregular_city, erik_lair_island, enter_bailey_2
Temple:   hellmonk_temple_of_storms
Lair:1:   beast_lair_carwin_large_1, layout_regular_city, minmay_holes,
          dreamdust_gnoll_shepherd, grunt_megastairs_3
Lair:2:   layout_cave_pods, nicolae_spider_entry_non_spiders,
          minmay_lindwurm_lava, infiniplex_staircase_pool_2, uniq_amaemon,
          uniq_fannar, uniq_nergalle
Lair:3:   layout_gridlike, shoals_dummy_entry, serial_bayou,
          serial_bayou_ford_a, serial_bayou_pond_b, serial_bayou_shore_a,
          serial_bayou_pond_c, serial_bayou_lake_a,
          portal_ice_cave_demonic_guard
Lair:4:   layout_roguey, minmay_slime_entry_pillars, gammafunk_ghost_cemetery,
          serial_bayou_shore_b
Lair:5:   hellmonk_lair_end_abyssal_woods, layout_regular_city,
          lemuel_oklob_altar
Arena

Skill      XL: |  1  2  3  4  5  6  7  8  9 10 11 12 13 14 |
---------------+-------------------------------------------+-----
Fighting       | 4 5 6 7 9 12 15 | 15.3
Maces & Flails | 3 4 7 9 12 | 12.0
Axes           | 6 10 12 | 12.1
Invocations    | 3 10 | 10.5
Armour         | 7 9 |  9.7
Shields        | |  2.6

Action                     |  1- 3 |  4- 6 |  7- 9 | 10-12 | 13-15 || total
---------------------------+-------+-------+-------+-------+-------++-------
  Melee: Flail             |   140 |   123 |    18 |       |       ||   281
         Touch             |     5 |    22 |    63 |    77 |    97 ||   264
         Punch             |       |     2 |     6 |     3 |     4 ||    15
         Whip              |       |       |   312 |   115 |       ||   427
         War axe           |       |       |       |   410 |   374 ||   784
 Invoke: Heroism           |       |       |       |     3 |       ||     3
         Duel              |       |       |       |       |     2 ||     2
         Finesse           |       |       |       |       |     1 ||     1
    Use: Scroll            |       |       |     3 |    17 |     8 ||    28
         Potion            |       |       |       |       |     4 ||     4
 Armour: Scale mail        |   167 |   127 |   142 |   151 |       ||   587
         Ring mail         |       |       |       |   367 |       ||   367
         Crystal plate arm |       |       |       |       |   474 ||   474
         Robe              |       |       |       |       |    47 ||    47
         Skin              |       |       |       |       |     5 ||     5
  Dodge: Dodged            |    86 |    63 |    75 |   245 |    69 ||   538
  Block: Buckler           |    31 |       |       |       |       ||    31
         Other             |       |       |    34 |   105 |   112 ||   251
         Reflection        |       |       |       |       |     1 ||     1
